 Seeded DCSS version 0.29-a0-384-g6960b1960d (webtiles) character file.

Game seed: 13942814108489912847 (custom seed)

242 zeratav the Changer (level 6, 0/38 HPs)
             Began as an Octopode Transmuter on May 7, 2022.
             Slain by Sigmund
             ... wielding a +0 scythe
              (10 damage)
             ... on level 4 of the Dungeon.
             The game lasted 00:10:16 (3625 turns).

zeratav the Changer (Octopode Transmuter)           Turns: 3625, Time: 00:10:16

Health: 0/38       AC:  1    Str:  9    XL:     6   Next: 9%
Magic:  9/9        EV: 17    Int: 17    God:
Gold:   192        SH:  5    Dex: 13    Spells: 7/9 levels left

rFire   . . .      SeeInvis .     - Unarmed
rCold   . . .      Faith    .   (no shield)
rNeg    . . .      Spirit   .   (helmet restricted)
rPois   .          Reflect  +   h - amulet of reflection
rElec   .          Harm     .   g - +4 ring of evasion
rCorr   .          Rampage  .   (no ring)
Will    .....                   (no ring)
Stlth   ++........              (no ring)
HPRegen 0.12/turn               (no ring)
MPRegen 0.11/turn               (no ring)
                                (no ring)
                                (no ring)

@: no status effects
A: almost no armour, amphibious, 8 rings, camouflage 1, gelatinous body 1,
(nimble swimmer 1), tentacles
a: no special abilities


You were on level 4 of the Dungeon.
You visited 1 branch of the dungeon, and saw 4 of its levels.

You collected 192 gold pieces.


Innate Abilities, Weirdness & Mutations

You cannot wear most types of armour.
You are amphibious.
You can wear up to eight rings at the same time.
Your skin changes colour to match your surroundings (Stealth+).
Your rubbery body absorbs attacks. (AC +1, EV +1)
((You are camouflaged when in or above water. (Stealth+)))
You have tentacles for arms and can constrict up to eight enemies at once.


   Skills:
 - Level 1.2 Fighting
 - Level 2.0 Dodging
 - Level 3.0 Unarmed Combat
 - Level 2.0 Spellcasting
 + Level 4.5 Transmutations
 + Level 3.9 Earth Magic


You had 7 spell levels left.
You knew the following spells:

 Your Spells              Type           Power      Damage    Failure   Level
a - Beastly Appendage     Tmut           34%        N/A       3%          1
b - Sandblast             Erth           28%        2d8       4%          1

Your spell library contained the following spells:

 Spells                   Type           Power      Damage    Failure   Level
 Wereblood                Tmut           17%        N/A       4%          2
 Pain                     Necr           4%         1d4       19%         1
 Spider Form              Tmut/Pois      9%         N/A       22%         3
 Ice Form                 Ice/Tmut       9%         N/A       58%         4
 Leda's Liquefaction      Hex/Erth       4%         N/A       65%         4
 Lee's Rapid Deconstruct  Erth           7%         3d7*      73%         5
 Borgnjor's Vile Clutch   Necr/Erth      4%         N/A       94%         5
 Agony                    Necr           1%         N/A       99%         5
 Excruciating Wounds      Necr           0%         N/A       99%         5
 Statue Form              Tmut/Erth      10%        N/A       99%         6
 Iron Shot                Conj/Erth      4%         9d2       100%        6

Inventory:

Hand Weapons
 u - a +2 dagger of draining {short}
   (You took it off a kobold on level 3 of the Dungeon)
Missiles
 p - 42 stones {throwing}
Jewellery
 c - a ring of fire
   (You found it on level 1 of the Dungeon)
 e - a ring of fire
   (You found it on level 1 of the Dungeon)
 g - a +4 ring of evasion (left tentacle)
   (You found it on level 1 of the Dungeon)
 h - an amulet of reflection (around mantle)
   (You found it on level 1 of the Dungeon)
Scrolls
 a - 3 scrolls of noise {unknown}
 i - 4 scrolls of vulnerability {unknown}
 j - 3 scrolls of enchant armour {unknown}
 k - a scroll of fear {unknown}
 m - 4 scrolls of identify {unknown}
 n - 2 scrolls of teleportation {unknown}
 s - a scroll of amnesia {unknown}
 t - 2 scrolls of immolation {unknown}
Potions
 b - a potion of cancellation {unknown}
 f - a potion of mutation {unknown}
 l - 2 potions of attraction {unknown}
 o - 2 potions of brilliance {unknown}
 q - a potion of flight {unknown}
 v - a potion of heal wounds {unknown}

Dungeon Overview and Level Annotations

Branches:
Dungeon (4/15)
 Temple: D:4-7

Altars:
Sif Muna
Trog

Shops:
D:1 !   D:2 !(*(*

Annotations:
D:3 3 runed translucent doors, samgaumpmail's ghost, amateur GrEE
D:4 Sigmund

#..)................ #
#.#.....#####)####.##.#
#.+.....+............
###.....#####.†###.####
##
#.....##.............
.# ########......##.###
.# #....#{#
.##########.####.#
..##........# #@#
.....######## #..#
.###.# ##.# .# #.# .#
.# #.# .. .# #.# #.. )#
#.# .. .# #.# ..#
####[#


There were no monsters in sight!


Message History

You hit Sigmund but do no damage. The hound bites you but does no damage.
You closely miss Sigmund. The hound bites you. Sigmund barely misses you.
You block the hound's attack.
HP[-1]
You take 1 damage, and now have 38/49 hp.
You closely miss Sigmund. You block the hound's attack.
Sigmund gestures wildly while chanting.
Sigmund flickers and vanishes!
Deactivating autopickup; reactivate with Ctrl-A.
You cannot move.
You hit the hound. You drain the hound. The hound bites you but does no damage.
You block the hound's attack. Something hits you!
HP[-8]
You take 8 damage, and now have 30/49 hp.
You hit the hound. The hound bites you but does no damage.
You barely miss the hound. The hound barely misses you. Something hits you.
The hound bites you but does no damage.
HP[-4]
You take 4 damage, and now have 26/49 hp.
You hit the hound. You drain the hound. The hound bites you but does no damage.
Something hits you!
* * * LOW HITPOINT WARNING * * *
HP[-7]
You take 7 damage, and now have 19/49 hp.
You closely miss the hound.
The hound bites you but does no damage. x2
You are now empty-handed.
You closely miss the hound. You punch the hound.
The hound bites you but does no damage. You block the hound's attack.
You smack the hound!
You kill the hound!
Something hits you but does no damage.
You have reached level 6!
HP[+4] MP[+1]
You now have 57 max hp (+8).
You regained 4 hp, and now have 23/57 hp.
Your mp is fully restored (9).
You cannot move.
You cannot move.
You cannot move.
You cannot move.
You cannot move.
You cannot move.
You cannot move.
Smack: -) Branches
Press: ? - help, Dir - move target You smack something!
Your transformation is almost over.
Something hits you but does no damage.
Smack: -) Branches
Press: ? - help, Dir - move target You barely miss something.
Something hits you.
* * * LOW HITPOINT WARNING * * *
HP[-3]
You take 3 damage, and now have 20/57 hp.
Smack: -) Branches
Press: ? - help, Dir - move target, f - you That would be overly suicidal.
Okay, then.
Smack: -) Branches
Press: ? - help, Dir - move target You closely miss something.
You hear some strange, mumbled words.
You are confused.
Confused smack: -) Branches
Press: ? - help, Dir - move target You hit something.
Something hits you but does no damage.
You swing at nothing.
Something hits you.
* * * LOW HITPOINT WARNING * * *
HP[-2]
You take 2 damage, and now have 18/57 hp.
You cannot move. (Use ctrl+direction or * direction to attack while stationary and confused.)
You swing at nothing.
Something hits you but does no damage.
HP[+1] Unknown command.
You nearly hit yourself!
Something hits you but does no damage.
You miss something. Something hits you but does no damage.
You nearly hit yourself!
Something hits you but does no damage.
You swing at nothing.
You feel less wooden.
You feel less confused.
You hear some strange, mumbled words.
You are confused.
You hear some strange, mumbled words.
You are more confused.
HP[-6]
You now have 38 max hp (-19).
You feel better.
You hear some strange, mumbled words.
A puff of flame appears from out of thin air!
The puff of flame hits you!
* * * LOW HITPOINT WARNING * * *
HP[+1]
Something hits you.
* * * LOW HITPOINT WARNING * * *
HP[-4]
You take 4 damage, and now have 10/38 hp.
You hear the rapid hiss of a distant avalanche of sand.
A puff of flame appears from out of thin air!
The puff of flame misses you. Something hits you!
You die...

Skill      XL: |  1  2  3  4  5 |
---------------+----------------+-----
Earth Magic    | 1 2 3 |  3.9
Transmutations | 3 4 |  4.5
Fighting       | |  1.2
Dodging        | |  2.0
Unarmed Combat | |  3.0
Spellcasting   | |  2.0

Action                   |  1- 3 |  4- 6 || total
-------------------------+-------+-------++-------
Melee: Unarmed           |    61 |    28 ||    89
       Tentacles         |    15 |    10 ||    25
       Constrict         |    15 |     9 ||    24
       Kick              |    16 |     1 ||    17
       Punch             |     1 |     2 ||     3
       Dagger            |       |    26 ||    26
 Cast: Beastly Appendage |    13 |       ||    13
       Sandblast         |     2 |    64 ||    66
  Use: Scroll            |     1 |       ||     1
       Potion            |       |     5 ||     5
 Stab: Sleeping          |    10 |       ||    10
Armor: Skin              |     4 |    45 ||    49
Dodge: Dodged            |    27 |    59 ||    86
Block: Other             |     7 |    20 ||    27
       Reflection        |       |     1 ||     1

Levels and vault maps discovered:
D:1:      minmay_arrival_checkered_box, layout_basic,
          shapermc_ecumenical_altar_ellora, serial_shops, shop
D:2:      minmay_alternating_diamond, layout_rooms, serial_shops,
          nicolae_shop_competitors_out_of_business,
          nicolae_shop_advertising_works [nicolae_subvault_shop_adworks],
          nicolae_shop_stone, shop_statue, shop_statue,
          minmay_indecisive_spiral, uniq_robin
D:3:      layout_rooms, lemuel_round_altar, gammafunk_ghost_nasty_kobolds,
          kennysheep_nub
D:4:      layout_basic, mainiacjoe_overflow_brackets,
          nicolae_ossuary_entry_monument, uniq_natasha, uniq_sigmund

Notes
Turn   | Place    | Note
-------+----------+-------------------------------------------
     0 | D:1      | zeratav the Octopode Transmuter began the quest for the
                  | Orb.
     0 | D:1      | Reached XP level 1. HP: 13/13 MP: 3/3
     0 | D:1      | magus.rc [v1.9.6]
   103 | D:1      | Identified a scroll of acquirement
   103 | D:1      | Acquired the Incunabulum of Clay
   104 | D:1      | You add the spells Sandblast, Leda's Liquefaction, Lee's
                  | Rapid Deconstruction, Borgnjor's Vile Clutch, Iron Shot and
                  | Statue Form to your library.
   242 | D:1      | Reached XP level 2. HP: 11/18 MP: 5/5
   355 | D:1      | Found Nuimez's Distillery.
   444 | D:1      | Reached skill level 1 in Earth Magic
   552 | D:1      | Found a faded altar of an unknown god.
   982 | D:2      | Reached XP level 3. HP: 23/23 MP: 4/6
  1320 | D:2      | Reached skill level 3 in Transmutations
  1356 | D:2      | Found Letis's Antique Weapon Emporium.
  1368 | D:2      | Learned a level 1 spell: Sandblast
  1388 | D:2      | Reached skill level 2 in Earth Magic
  1394 | D:2      | Found Goudyqil's Assorted Antiques.
  1457 | D:2      | Found Vieqohuy's General Store.
  1493 | D:2      | Noticed Robin
  1496 | D:2      | Reached XP level 4. HP: 28/28 MP: 3/7
  1543 | D:2      | HP: 6/28 [Robin/+0 spear (6)]
  1546 | D:2      | Killed Robin
  1936 | D:2      | Found Vysuogiq's Weapon Shoppe.
  2110 | D:2      | Found Zoff's Distillery.
  2296 | D:3      | Noticed a kobold brigand
  2296 | D:3      | Found a runed translucent gate.
  2296 | D:3      | Found a runed translucent gate.
  2297 | D:3      | Found a runed translucent gate.
  2300 | D:3      | Noticed samgaumpmail's ghost (amateur GrEE)
  2562 | D:3      | Reached XP level 5. HP: 33/33 MP: 6/8
  2615 | D:3      | You pick up a book of Pain and begin reading...
  2615 | D:3      | You add the spells Pain, Agony and Excruciating Wounds to
                  | your library.
  2640 | D:3      | Found a bloodstained altar of Trog.
  2642 | D:3      | Reached skill level 3 in Earth Magic
  3102 | D:4      | Noticed Natasha
  3106 | D:4      | Noticed an ogre
  3138 | D:4      | HP: 1/33 [white imp/puff of frost[Natasha] (10)]
  3148 | D:4      | HP: 5/33 [white imp[Natasha] (3)]
  3148 | D:4      | HP: 1/33 [white imp[Natasha] (4)]
  3154 | D:4      | Noticed Sigmund
  3375 | D:4      | Killed Natasha
  3478 | D:4      | Found a shimmering blue altar of Sif Muna.
  3537 | D:4      | Reached skill level 4 in Transmutations
  3611 | D:4      | Reached XP level 6. HP: 23/38 MP: 9/9
  3625 | D:4      | Slain by Sigmund

Vanquished Creatures
  A necrophage (D:4)
  A hound (D:4)
  Natasha (D:4)
  Robin (D:2)
  3 adders (D:2)
  2 worms
  2 dart slugs
  5 orcs (D:3)
  2 ball pythons
  8 bats
  5 endoplasms
  2 giant cockroaches (D:2)
  15 goblins
  7 hobgoblins
  3 quokkas
  5 frilled lizards
  4 kobolds
  4 rats
71 creatures vanquished.

Vanquished Creatures (others)
  2 fungi (D:3)
  2 plants (D:3)
4 creatures vanquished.

Grand Total: 75 creatures vanquished

Table legend:
 A = Non-vault XP
 B = Vault XP
 C = Vault XP percentage of total XP
 D = Non-vault monster count
 E = Vault monster count
 F = Vault count percentage of total count
                 A         B        C        D         E       F
            +---------+---------+-------+---------+---------+-------
      Total |     247 |      99 |  28.6 |      49 |      22 |  31.0
            +---------+---------+-------+---------+---------+-------
        D:1 |      32 |       0 |   0.0 |      18 |       0 |   0.0
        D:2 |      45 |      64 |  58.7 |      13 |      21 |  61.8
        D:3 |      30 |       0 |   0.0 |      13 |       0 |   0.0
        D:4 |     140 |      35 |  20.0 |       5 |       1 |  16.7
            +---------+---------+-------+---------+---------+-------

Illustrated notes

Table legend:
 A = Kills in this place as a percentage of kills in entire the game.
 B = Kills by you in this place as a percentage of kills by you in the entire game.
 C = Kills by friends in this place as a percentage of kills by friends in the entire game.
 D = Other kills in this place as a percentage of other kills in the entire game.
 E = Experience gained in this place as a percentage of experience gained in the entire game.
 F = Experience gained in this place divided by the number of levels of this place that you have seen.
                   A       B       C       D       E      F
               +-------+-------+-------+-------+-------+----------------------
         Total | 100.0 | 100.0 |   N/A |   N/A | 100.0 |  86.5
       Dungeon | 100.0 | 100.0 |   N/A |   N/A | 100.0 |  86.5
               +-------+-------+-------+-------+-------+----------------------

Table legend: (Time is in decaauts)
 A = Elapsed time spent in this place.
 B = Non-inter-level travel time spent in this place.
 C = Inter-level travel time spent in this place.
 D = Time resting spent in this place.
 E = Time spent auto-exploring this place.
 F = Levels seen in this place.
 G = Mean time per level.
                   A        B        C        D        E       F      G
               +--------+--------+--------+--------+--------+-----+--------+
         Total |   3624 |   3422 |    202 |    891 |   1937 |   4 |  906.0 |
       Dungeon |   3624 |   3422 |    202 |    891 |   1937 |   4 |  906.0 |
               +--------+--------+--------+--------+--------+-----+--------+

Top non-repeatable levels by time:
     D:2: 1382 daAuts
     D:1: 972 daAuts
     D:4: 664 daAuts
     D:3: 605 daAuts
